 Dungeon Crawl Stone Soup version 0.29.1-12-g30fa7ad0bf (webtiles) character file.

Game seed: 9665275513053413837

118 xzight the Grasshopper (level 5, -3/43 HPs)
             Began as a Gnoll Warper on Dec 30, 2022.
             Slain by a gnoll
             ... wielding a +0 club
              (5 damage)
             ... on level 2 of the Dungeon.
             The game lasted 00:03:53 (2220 turns).

xzight the Grasshopper (Gnoll Warper)               Turns: 2220, Time: 00:03:54

Health: -3/43      AC:  4    Str: 10    XL:     5   Next: 2%
Magic:  12/12      EV: 12    Int: 15    God:
Gold:   33         SH:  0    Dex: 11    Spells: 14/14 levels left

rFire   . . .      SeeInvis .   a - +0 spear
rCold   . . .      Faith    .   (no shield)
rNeg    . . .      Spirit   .   b - +0 leather armour
rPois   .          Reflect  .   (no helmet)
rElec   .          Harm     .   (no cloak)
rCorr   .          Rampage  .   (no gloves)
Will    .....                   e - +0 pair of boots
Stlth   +.........              (no amulet)
HPRegen 0.14/turn               (no ring)
MPRegen 0.13/turn               (no ring)

@: no status effects
A: fangs 1, strong nose, distributed training
a: no special abilities


You were on level 2 of the Dungeon.
You visited 1 branch of the dungeon, and saw 2 of its levels.

You collected 33 gold pieces.


Innate Abilities, Weirdness & Mutations

You have very sharp teeth.
Your uncanny sense of smell can sniff out nearby items.
Your experience applies equally to all skills.


   Skills:
 + Level 4.7 Fighting
 + Level 1.4 Short Blades
 + Level 1.4 Long Blades
 + Level 1.4 Axes
 + Level 1.4 Maces & Flails
 + Level 4.7 Polearms
 + Level 1.4 Staves
 + Level 1.4 Ranged Weapons
 + Level 2.9 Throwing
 + Level 2.9 Armour
 + Level 4.7 Dodging
 + Level 1.4 Stealth
 + Level 1.4 Shields
 + Level 1.4 Unarmed Combat
 + Level 5.1 Spellcasting
 + Level 1.1 Conjurations
 + Level 1.1 Hexes
 + Level 1.1 Summonings
 + Level 1.1 Necromancy
 + Level 5.5 Translocations
 + Level 1.1 Transmutations
 + Level 1.1 Fire Magic
 + Level 1.1 Ice Magic
 + Level 1.1 Air Magic
 + Level 1.1 Earth Magic
 + Level 1.1 Poison Magic
 + Level 1.5 Invocations
 + Level 1.4 Evocations


You had 14 spell levels left.
You didn't know any spells.
Your spell library contained the following spells:

 Spells                   Type           Power      Damage    Failure   Level
 Blink                    Tloc           40%        N/A       3%          2
 Gell's Gravitas          Tloc           20%        N/A       6%          3
 Lesser Beckoning         Tloc           20%        N/A       6%          3
 Teleport Other           Tloc           20%        N/A       6%          3
 Magic Dart               Conj           28%        1d4       13%         1
 Call Imp                 Summ           7%         N/A       21%         2
 Mephitic Cloud           Conj/Pois/Air  7%         N/A       36%         3
 Manifold Assault         Tloc           20%        N/A       52%         5

Inventory:

Hand Weapons
 a - a +0 spear (weapon)
Missiles
 d - 7 boomerangs of dispersal (quivered) {=f}
Armour
 b - a +0 leather armour (worn)
 e - a +0 pair of boots (worn)
 l - a scarf of resistance
 o - a +0 helmet
Scrolls
 c - a scroll of blinking
 f - 4 scrolls of teleportation {unknown}
 i - a scroll of identify {unknown}
 k - a scroll of poison {unknown}
 m - a scroll of enchant weapon {unknown}
 q - 2 scrolls of fear {unknown}
Potions
 g - a potion of heal wounds {unknown}
 h - a potion of lignification {unknown}
 j - a potion of brilliance {unknown}
 n - a potion of might {unknown}
 p - a potion of curing {@q1}
 r - a potion of mutation {unknown}

Dungeon Overview and Level Annotations

Branches:
Dungeon (2/15)

Altars:
Elyvilon

...........# ...........#######
..........gg.....#
........#######.# #####
###..###...#####g# #...# ###
#....#####....##g# #.#.######..
#.##.....##......# #...........
#.#.............g#####....>......
#...............@...#............
#..................##.........###
#..........>......##..........#
[.................##.......#..###
.#................#....).###....#
.#................#....#†###.##..
..................#....#.†.......
.###.....##.......#....##........
.# #####.#######..#....▓##.......


You could see 3 gnolls.


Message History

You hit the gnoll but do no damage.
The gnoll is heavily wounded.
You closely miss the gnoll.
The gnoll is heavily wounded.
The gnoll hits you with a +0 club.
The gnoll hits you from afar with a +0 spear.
* * * LOW HITPOINT WARNING * * *
You hit the gnoll but do no damage.
The gnoll is heavily wounded.
The gnoll hits you from afar with a +0 spear.
* * * LOW HITPOINT WARNING * * *
The gnoll hits you but does no damage.
You closely miss the gnoll.
The gnoll is heavily wounded.
The gnoll hits you but does no damage. The gnoll barely misses you.
You hit the gnoll.
The gnoll is almost dead.
The gnoll hits you from afar with a +0 spear.
* * * LOW HITPOINT WARNING * * *
The gnoll hits you with a +0 club.
* * * LOW HITPOINT WARNING * * *
You hit the gnoll.
The gnoll is almost dead.
The gnoll hits you from afar with a +0 spear!
* * * LOW HITPOINT WARNING * * *
The gnoll closely misses you. The gnoll attacks as you move away!
The gnoll closely misses you. The gnoll attacks as you move away!
The gnoll barely misses you. The gnoll attacks as you move away!
The gnoll hits you with a +0 club.
You die...

Skill      XL: |  1  2  3  4 |
---------------+-------------+-----
Spellcasting   | 5 |  5.1
Invocations    | 1 |  1.5
Short Blades   | 1 |  1.4
Long Blades    | 1 |  1.4
Axes           | 1 |  1.4
Maces & Flails | 1 |  1.4
Staves         | 1 |  1.4
Ranged Weapons | 1 |  1.4
Stealth        | 1 |  1.4
Shields        | 1 |  1.4
Unarmed Combat | 1 |  1.4
Evocations     | 1 |  1.4
Conjurations   | 1 |  1.1
Hexes          | 1 |  1.1
Summonings     | 1 |  1.1
Necromancy     | 1 |  1.1
Transmutations | 1 |  1.1
Fire Magic     | 1 |  1.1
Ice Magic      | 1 |  1.1
Air Magic      | 1 |  1.1
Earth Magic    | 1 |  1.1
Poison Magic   | 1 |  1.1
Fighting       | |  4.7
Polearms       | |  4.7
Throwing       | |  2.9
Armour         | |  2.9
Dodging        | |  4.7
Translocations | |  5.5

Action                   |  1- 3 |  4- 6 || total
-------------------------+-------+-------++-------
Melee: Spear             |   180 |    65 ||   245
       Bite              |    12 |     8 ||    20
 Stab: Sleeping          |     2 |       ||     2
Armor: Leather armour    |    43 |     8 ||    51
Dodge: Dodged            |    99 |    36 ||   135

Levels and vault maps discovered:
D:1:      minmay_arrival_stone_box, layout_basic
D:2:      layout_rooms, basic_altar, hellmonk_ecumenical_altar_zigzags,
          uniq_natasha

Notes
Turn   | Place    | Note
-------+----------+-------------------------------------------
     0 | D:1      | xzight the Gnoll Warper began the quest for the Orb.
     0 | D:1      | Reached XP level 1. HP: 20/20 MP: 6/6
   139 | D:1      | Reached XP level 2. HP: 26/26 MP: 7/7
   564 | D:1      | Reached skill level 5 in Spellcasting
   564 | D:1      | Reached XP level 3. HP: 27/31 MP: 7/9
   900 | D:1      | Reached skill level 1 in Invocations
  1045 | D:2      | Identified a scarf of resistance
  1091 | D:2      | Found a faded altar of an unknown god.
  1122 | D:2      | Reached skill level 1 in Short Blades
  1122 | D:2      | Reached skill level 1 in Long Blades
  1122 | D:2      | Reached skill level 1 in Axes
  1122 | D:2      | Reached skill level 1 in Maces & Flails
  1122 | D:2      | Reached skill level 1 in Staves
  1122 | D:2      | Reached skill level 1 in Ranged Weapons
  1122 | D:2      | Reached skill level 1 in Stealth
  1122 | D:2      | Reached skill level 1 in Shields
  1122 | D:2      | Reached skill level 1 in Unarmed Combat
  1122 | D:2      | Reached skill level 1 in Evocations
  1574 | D:2      | Reached XP level 4. HP: 25/38 MP: 11/11
  1772 | D:2      | Noticed Natasha
  1793 | D:2      | Killed Natasha
  1794 | D:2      | Reached skill level 1 in Conjurations
  1794 | D:2      | Reached skill level 1 in Hexes
  1794 | D:2      | Reached skill level 1 in Summonings
  1794 | D:2      | Reached skill level 1 in Necromancy
  1794 | D:2      | Reached skill level 1 in Transmutations
  1794 | D:2      | Reached skill level 1 in Fire Magic
  1794 | D:2      | Reached skill level 1 in Ice Magic
  1794 | D:2      | Reached skill level 1 in Air Magic
  1794 | D:2      | Reached skill level 1 in Earth Magic
  1794 | D:2      | Reached skill level 1 in Poison Magic
  2125 | D:2      | Noticed Natasha
  2136 | D:2      | Killed Natasha
  2137 | D:2      | Reached XP level 5. HP: 41/43 MP: 12/12
  2156 | D:2      | Found a white marble altar of Elyvilon.
  2216 | D:2      | HP: 1/43 [gnoll/+0 spear (7)]
  2220 | D:2      | Slain by a gnoll

Vanquished Creatures
  Natasha (twice) (D:2)
  2 adders
  2 bats
  2 endoplasms (D:2)
  4 giant cockroaches (D:1)
  6 goblins
  4 hobgoblins
  3 jackals (D:2)
  3 quokkas
  8 ball pythons
  2 frilled lizards (D:1)
  6 kobolds
  4 rats
48 creatures vanquished.

Table legend: (Time is in decaauts)
 A = Elapsed time spent in this place.
 B = Non-inter-level travel time spent in this place.
 C = Inter-level travel time spent in this place.
 D = Time resting spent in this place.
 E = Time spent auto-exploring this place.
 F = Levels seen in this place.
 G = Mean time per level.
                   A        B        C        D        E       F      G
               +--------+--------+--------+--------+--------+-----+--------+
         Total |   2188 |   2111 |     77 |    229 |   1437 |   2 | 1094.0 |
       Dungeon |   2188 |   2111 |     77 |    229 |   1437 |   2 | 1094.0 |
               +--------+--------+--------+--------+--------+-----+--------+

Top non-repeatable levels by time:
     D:2: 1211 daAuts
     D:1: 977 daAuts

Table legend:
 A = Non-vault XP
 B = Vault XP
 C = Vault XP percentage of total XP
 D = Non-vault monster count
 E = Vault monster count
 F = Vault count percentage of total count
                 A         B        C        D         E       F
            +---------+---------+-------+---------+---------+-------
      Total |     136 |      33 |  19.5 |      47 |       1 |   2.1
            +---------+---------+-------+---------+---------+-------
        D:1 |      51 |       0 |   0.0 |      25 |       0 |   0.0
        D:2 |      85 |      33 |  28.0 |      22 |       1 |   4.3
            +---------+---------+-------+---------+---------+-------
